 Dungeon Crawl Stone Soup version 0.27-a0-836-gfc908b8576 (webtiles) character file.

Game seed: 11292909204977391116

147 dickylongcocking the Magician (level 5, 0/35 HPs)
             Began as a Djinni Fire Elementalist on Mar 31, 2021.
             Slain by Ijyb
             ... wielding a +0 dagger
              (5 damage)
             ... on level 3 of the Dungeon.
             The game lasted 00:03:23 (3768 turns).

dickylongcocking the Magician (DjFE)                Turns: 3768, Time: 00:03:24

Health: 0/35       AC:  2    Str:  7    XL:     5   Next: 29%
Gold:   185        EV: 12    Int: 18    God:
                   SH:  0    Dex: 13

rFire    + + .     SeeInvis .   c - +0 dagger
rCold    x . .     Faith    .   (no shield)
rNeg     . . .     Spirit   .   a - +0 robe
rPois    ∞         Reflect  .   (no helmet)
rElec    .         Harm     .   (no cloak)
rCorr    .         Rampage  .   (no gloves)
Will     .....                  (boots unavailable)
Stlth    ++........             (no amulet)
HPRegen  0.11/turn              (no ring)
MPRegen  0.00/turn              (no ring)

@: flying
A: fire resistance 2, cold vulnerability 1, float, innate caster, hp casting,
extra vitality 1
a: no special abilities


You were on level 3 of the Dungeon.
You visited 1 branch of the dungeon, and saw 3 of its levels.

You collected 185 gold pieces.

Inventory:

Hand Weapons
 c - a +0 dagger (weapon)
Armour
 a - a +0 robe (worn)
Scrolls
 d - a scroll of noise {unknown}
 e - a scroll of vulnerability {unknown}
 f - a scroll of acquirement {unknown}
 g - a scroll of amnesia {unknown}
 i - 2 scrolls of teleportation {unknown}
 k - a scroll of immolation {unknown}
 l - 2 scrolls of identify {unknown}
Potions
 b - a potion of cancellation {unknown}
 h - a potion of heal wounds {unknown}
 j - a potion of attraction {unknown}


   Skills:
 - Level 2.1 Dodging
 - Level 1.5 Stealth
 * Level 5.0 Spellcasting


You couldn't memorise any spells.
You knew the following spells:

 Your Spells              Type           Power      Damage    Failure   Level
a - Foxfire               Conj/Fire      88%        2x1d8     1%          1
b - Conjure Flame         Conj/Fire      22%        6-21      4%          3
c - Inner Flame           Hex/Fire       22%        N/A       4%          3
d - Sticky Flame          Conj/Fire      22%        2d4       17%         4
e - Fireball              Conj/Fire      11%        3d7       43%         5
f - Freeze                Ice            88%        1d10      1%          1
g - Call Imp              Summ           22%        N/A       2%          2
Your spell library was empty.

Dungeon Overview and Level Annotations

Branches:
Dungeon (3/15)

Altars:

Annotations:
D:3 Ijyb


Innate Abilities, Weirdness & Mutations

You are immune to poison.
Your flesh is very heat resistant. (rF++)
You are vulnerable to cold. (rC-)
You float through the air rather than walking.
You learn spells naturally, not from books.
Your magical power is your life essence.
You have superior vitality. (+4 HP)


Message History

You conjure some foxfire!
Ijyb hits you with a +0 dagger.
Unknown command.
Unknown command.
Your foxfire dissipates!
The foxfire hits Ijyb.
Ijyb is severely wounded.
Unknown command.
Casting: Foxfire (safe; 1% risk of failure)
Confirm with . or Enter, or press ? or * to list all spells.
You conjure some foxfire!
Ijyb hits you with a +0 dagger.
Unknown command.
Unknown command.
Unknown command.
Your foxfire dissipates!
Casting: Foxfire (safe; 1% risk of failure)
Confirm with . or Enter, or press ? or * to list all spells.
You conjure some foxfire!
Unknown command.
Unknown command.
Your foxfire dissipates!
The foxfire hits Ijyb.
Ijyb is almost dead.
Casting: Foxfire (safe; 1% risk of failure)
Confirm with . or Enter, or press ? or * to list all spells.
You conjure some foxfire!
* * * LOW HITPOINT WARNING * * *
Ijyb hits you with a +0 dagger.
* * * LOW HITPOINT WARNING * * *
Unknown command.
Unknown command.
Unknown command.
Your foxfire dissipates!
Found a mace.
Unknown command.
Casting: Foxfire (safe; 1% risk of failure)
Confirm with . or Enter, or press ? or * to list all spells.
You conjure some foxfire!
* * * LOW HITPOINT WARNING * * *
Ijyb hits you with a +0 dagger.
You die...

#..#.. #.#.###......###...#
#..... #'#......###...###
#....... #......###..†###.#
......... ##......##..##...#
......... ###......##....###
.#.....#. #.##......##.)##.#
........ #..##......##)...#
..#..# ##v.##......##..##
..##.# #..@v##......##..#
.....# #)##g.##......##.#
..)..#.......# #v...##......###
.............#...##..##......##
##...........#.###...###......#
...........#.###..§###......#+#
.##........#.#...###......###
.''........#.#)###......###
..#........#§#'#......###


You could see Ijyb (ally target).

Vanquished Creatures
  An iguana (D:3)
  Jessica (D:3)
  3 adders (D:2)
  3 worms
  A dart slug (D:3)
  2 orcs (D:3)
  4 endoplasms
  3 giant cockroaches
  6 goblins
  2 hobgoblins
  2 quokkas
  8 ball pythons
  2 bats
  5 frilled lizards
  7 kobolds
  4 rats
54 creatures vanquished.

Vanquished Creatures (collateral kills)
  14 foxfires (D:1)
14 creatures vanquished.

Vanquished Creatures (others)
  212 foxfires
  2 plants (D:1)
214 creatures vanquished.

Grand Total: 282 creatures vanquished

Notes
Turn   | Place    | Note
-------+----------+-------------------------------------------
     0 | D:1      | dickylongcocking the Djinni Fire Elementalist began the
                  | quest for the Orb.
     0 | D:1      | Reached XP level 1. HP: 15/15 MP: 0/0
   191 | D:1      | Reached skill level 3 in Spellcasting
   391 | D:1      | Reached XP level 2. HP: 16/21 MP: 0/0
  1343 | D:2      | Reached XP level 3. HP: 24/25 MP: 0/0
  1343 | D:2      | Learned a level 1 spell: Freeze
  2181 | D:2      | Reached skill level 4 in Spellcasting
  2321 | D:2      | Reached XP level 4. HP: 30/31 MP: 0/0
  2514 | D:3      | Noticed Ijyb
  3601 | D:3      | Noticed Jessica
  3604 | D:3      | Killed Jessica
  3605 | D:3      | Reached XP level 5. HP: 32/35 MP: 0/0
  3605 | D:3      | Learned a level 2 spell: Call Imp
  3750 | D:3      | Reached skill level 5 in Spellcasting
  3768 | D:3      | Slain by Ijyb

Illustrated notes

Levels and vault maps discovered:
D:1:      shiori_arrival_elements, layout_basic, minivault_19,
          serial_bayou_lake_a
D:2:      layout_basic
D:3:      minmay_razor_zed, layout_basic, uniq_jessica, uniq_ijyb

Skill      XL: |  1  2  3  4  5 |
---------------+----------------+-----
Spellcasting   | 3 4 5 |  5.0
Dodging        | |  2.1
Stealth        | |  1.5

Action                   |  1- 3 |  4- 6 || total
-------------------------+-------+-------++-------
Melee: Dagger            |    11 |     8 ||    19
 Cast: Foxfire           |    81 |    66 ||   147
  Use: Potion            |       |     1 ||     1
Armor: Robe              |     5 |     2 ||     7
Dodge: Dodged            |    17 |    13 ||    30

Table legend: (Time is in decaauts)
 A = Elapsed time spent in this place.
 B = Non-inter-level travel time spent in this place.
 C = Inter-level travel time spent in this place.
 D = Time resting spent in this place.
 E = Time spent auto-exploring this place.
 F = Levels seen in this place.
 G = Mean time per level.
                   A        B        C        D        E       F      G
               +--------+--------+--------+--------+--------+-----+--------+
         Total |   3769 |   3676 |     93 |    310 |   2890 |   3 | 1256.3 |
       Dungeon |   3769 |   3676 |     93 |    310 |   2890 |   3 | 1256.3 |
               +--------+--------+--------+--------+--------+-----+--------+

Top non-repeatable levels by time:
     D:2: 1604 daAuts
     D:1: 1224 daAuts
     D:3: 939 daAuts
